 Dungeon Crawl Stone Soup version 0.31-a0-325-g067879e3d3 (webtiles) character file.

Game seed: 16012679177913906868

3533 cforsyth the Grappler (level 9, -18/66 HPs)
             Began as a Vampire Shapeshifter on July 18, 2023.
             Was a Priest of Hepliaklqana.
             Hit by a large rock thrown by a cyclops (39 damage)
             ... on level 9 of the Dungeon.
             The game lasted 00:13:54 (8458 turns).

cforsyth the Grappler (Vampire Shapeshifter)        Turns: 8458, Time: 00:13:55

Health: -18/66     AC:  4    Str: 18    XL:     9   Next: 82%
Magic:  9/9        EV: 12    Int: 11    God:    Hepliaklqana [***...]
Gold:   517        SH:  0    Dex: 14    Spells: 8/8 levels left

rFire   . .          .
                       - Unarmed
rCold   . . .        (no shield)
rNeg    . . .        d - +1 leather armour {rPois}
rPois   +            (helmet currently unavailable)
rElec   .            (cloak currently unavailable)
rCorr   .            (gloves currently unavailable)
SInv    +            (boots currently unavailable)
Will    .....        (no amulet)
Stlth   +            (no ring)
HPRegen 0.51/turn    (no ring)
MPRegen 0.11/turn

%: no passive effects
@: beast-form, healing quickly
A: beast (slay +5), reduced essence, alive, fangs 3, see invisible, vampiric 2
a: Exsanguinate, Begin Untransformation, Renounce Religion, Recall Ancestor,
Ancestor Identity, Transference


You were on level 9 of the Dungeon.
You worshipped Hepliaklqana.
Hepliaklqana was most pleased with you.
You were a hulking beast.
You visited 2 branches of the dungeon, and saw 10 of its levels.
You also visited: Ossuary.

You collected 517 gold pieces.

Inventory:

Missiles
 u - 2 throwing nets
Armour
 a - a +0 animal skin
 d - a +1 leather armour of poison resistance (worn)
 l - a +0 cloak
 m - a +2 kite shield
Jewellery
 C - an amulet of the acrobat
Talismans
 c - a beast talisman
Wands
 p - a wand of charming (14)
 E - a wand of quicksilver (3)
Scrolls
 f - 6 scrolls of identify {unknown}
 g - a scroll of vulnerability {unknown}
 j - 3 scrolls of summoning
 o - 3 scrolls of immolation
 r - a scroll of enchant weapon {unknown}
 t - 2 scrolls of enchant armour {unknown}
 v - 4 scrolls of amnesia {unknown}
 w - a scroll of blinking {unknown}
 x - 3 scrolls of brand weapon {unknown}
 y - a scroll of poison {unknown}
 A - a scroll of revelation {unknown}
Potions
 b - 3 potions of lignification
 e - 2 potions of curing {unknown}
 h - 2 potions of magic {unknown}
 i - 4 potions of enlightenment {unknown}
 k - 2 potions of ambrosia
 n - a potion of resistance {unknown}
 q - 2 potions of haste {unknown}
 s - 5 potions of brilliance {unknown}
 z - a potion of heal wounds {unknown}
 B - a potion of invisibility {unknown}
 D - a potion of might {unknown}


   Skills:
 + Level 8.1 Fighting
 - Level 2.1 Dodging
 + Level 9.6 Unarmed Combat
 - Level 7.4 Shapeshifting


You had 8 spell levels left.
You didn't know any spells.
Your spell library contained the following spells:

 Spells                   Type           Power      Damage    Failure   Level
 Sandblast                Erth           0%         2d4       38%         1
 Passwall                 Tmut/Erth      0%         N/A       54%         2
 Hailstorm                Conj/Ice       0%         3d3       77%         3
 Stone Arrow              Conj/Erth      0%         3d7       77%         3
 Animate Dead             Necr           0%         N/A       99%         4
 Summon Ice Beast         Ice/Summ       0%         N/A       99%         4
 Borgnjor's Vile Clutch   Necr/Erth      0%         N/A       100%        5
 Death Channel            Necr           0%         N/A       100%        6
 Simulacrum               Ice/Necr       0%         N/A       100%        6


Dungeon Overview and Level Annotations

Branches:
Dungeon (9/15)             Temple (1/1) D:4             Orc (0/2) D:9
Ossuary (visited)
   Lair: D:8-11

Altars:
Ashenzari
Cheibriados
Dithmenos
Fedhas
Gozag
Hepliaklqana
Kikubaaqudgha
Makhleb
Nemelex Xobeh
Okawaru
Qazlal
Ru
Sif Muna
Trog
Uskayaw
Vehumet
Wu Jian
Yredelemnul

Annotations:
D:2 1 runed translucent door, Crazy Yiuf
D:6 Edmund
D:8 1 runed translucent door, rocky1's ghost, novice DEEE


Innate Abilities, Weirdness & Mutations

You are a hulking beast.
Your limbs bulge with bestial killing power. (Slay +5)
Your life essence is reduced to manifest your ancestor. (-10% HP)
Your natural rate of healing is accelerated.
You have razor-sharp teeth.
You have supernaturally acute eyesight. (SInv)
You are afflicted with vampirism and can become a bat while bloodless.


Message History

Ingwe gestures at the yak while chanting.
The puff of frost hits the yak!
The cyclops throws a large rock.
The large rock hits you!! The yak barely misses you.
You punch the yak!
You kill the yak!
The yak gores you.
You are too injured to fight recklessly!
You are too injured to fight recklessly!
You are too injured to fight recklessly!
You are too injured to fight recklessly!
You swap places.
The yak gores Ingwe!
Ingwe hits the yak with a +0 quarterstaff.
Things that are here:
a +0 club; 4 poisoned darts The yak gores Ingwe.
Ingwe points at the yak and mumbles some strange words.
The stone arrow hits the yak!
Items here: ( )) †.
Something barely misses Ingwe.
Ingwe gestures at the yak while chanting.
The puff of frost hits the yak!
Things that are here:
a +0 dagger; a kobold corpse The yak gores Ingwe!
Ingwe barely misses the yak.
Things that are here:
a +0 club; 5 poisoned darts The yak barely misses Ingwe.
The cyclops throws a large rock.
The large rock misses you.
Ingwe points at the yak and mumbles some strange words.
The stone arrow hits the yak!
The yak gores Ingwe!
Ingwe is destroyed!
The cyclops throws a large rock.
The large rock hits you!!
* * * LOW HITPOINT WARNING * * *
Things that are here:
a +0 dagger; 4 stones
There is a stone staircase leading up here.
The cyclops throws a large rock.
The large rock hits you!!!
Ouch! That really hurt!
You die...

#).# ...[...
##C###.......
##..))(.......
#....##.......
#...## >......
#)).# .......
#.).# #######
#...# #h..#
#...# #####


You could see a cyclops.

Vanquished Creatures
  A hornet (D:9)
  Prince Ribbit (D:6)
  4 yaks
  A steam dragon (D:6)
  2 black bears
  A sky beast (D:7)
  2 ogres
  An elf zombie (Ossuary)
  3 kobold brigands
  2 scorpions
  2 howler monkeys (D:5)
  A centaur zombie (Ossuary)
  3 hounds
  A human zombie (Ossuary)
  Jessica (D:2)
  2 iguanas
  2 orc wizards
  2 hound zombies (Ossuary)
  2 mummies (Ossuary)
  23 gnolls
  6 adders
  2 shadow imps
  A white imp (D:7)
  2 ufetubi
  2 adder zombies (Ossuary)
  A worm (D:2)
  A dart slug (D:2)
  21 orcs
  11 ball pythons
  6 endoplasms
  2 giant cockroaches (D:3)
  A gnoll zombie (Ossuary)
  8 goblins
  7 hobgoblins
  21 jackals
  7 quokkas
  4 bats
  4 frilled lizards
  2 goblin zombies (Ossuary)
  3 hobgoblin zombies (Ossuary)
  A jackal zombie (Ossuary)
  23 kobolds
  4 kobold zombies (Ossuary)
  An orc zombie (Ossuary)
  4 rats
  5 rat zombies (Ossuary)
207 creatures vanquished.

Vanquished Creatures (collateral kills)
  A yak (D:4)
  A sky beast (D:8)
  An ogre (D:7)
  A bullfrog (D:8)
  3 hounds (D:5)
  A human zombie (Ossuary)
  An orc priest (D:5)
  An iguana (D:7)
  An orc wizard (D:7)
  A hound zombie (Ossuary)
  2 mummies
  An adder (D:5)
  3 gnolls
  A white imp (D:6)
  4 orcs
  2 jackals (D:5)
  A gnoll zombie (Ossuary)
  A goblin zombie (Ossuary)
  2 hobgoblin zombies (Ossuary)
  4 kobolds
  An orc zombie (Ossuary)
  2 quokka zombies (Ossuary)
  2 rat zombies (Ossuary)
38 creatures vanquished.

Vanquished Creatures (others)
  3 battlemagi
3 creatures vanquished.

Grand Total: 248 creatures vanquished

Notes
Turn   | Place    | Note
-------+----------+-------------------------------------------
     0 | D:1      | cforsyth the Vampire Shapeshifter began the quest for the
                  | Orb.
     0 | D:1      | Reached XP level 1. HP: 16/16 MP: 1/1
   171 | D:1      | Reached XP level 2. HP: 20/22 MP: 2/2
   430 | D:1      | Gained mutation: You are afflicted with vampirism and can
                  | become a bat while bloodless. [Vampire growth]
   430 | D:1      | Reached XP level 3. HP: 26/28 MP: 3/3
   683 | D:2      | Noticed Jessica
   690 | D:2      | Reached skill level 3 in Unarmed Combat
   749 | D:2      | Killed Jessica
   750 | D:2      | Reached XP level 4. HP: 25/34 MP: 4/4
   999 | D:2      | Found a faded altar of an unknown god.
  1061 | D:2      | Found a runed translucent door.
  1062 | D:2      | Noticed Crazy Yiuf
  2031 | D:3      | Found a radiant altar of Vehumet.
  2041 | D:3      | Reached XP level 5. HP: 24/41 MP: 5/5
  2382 | D:3      | Reached skill level 4 in Unarmed Combat
  2604 | D:4      | Found a staircase to the Ecumenical Temple.
  2631 | Temple   | Entered the Ecumenical Temple
  2638 | Temple   | Became a worshipper of Hepliaklqana the Forgotten
  3284 | D:4      | Reached * piety under Hepliaklqana
  3365 | D:5      | Entered Level 5 of the Dungeon
  3388 | D:4      | Reached XP level 6. HP: 20/42 MP: 3/6
  3453 | D:5      | Noticed a yak
  3453 | D:5      | Noticed a yak
  3453 | D:5      | Noticed a yak
  3678 | D:4      | HP: 1/42 [yak (14)]
  3681 | D:4      | Killed a yak
  3948 | D:5      | Reached skill level 5 in Shapeshifting
  4027 | D:5      | Reached skill level 5 in Unarmed Combat
  4048 | D:5      | Reached XP level 7. HP: 28/48 MP: 7/7
  4322 | D:5      | Killed a yak
  4460 | D:5      | Killed a yak
  4461 | D:5      | Reached skill level 5 in Fighting
  4461 | D:5      | Reached skill level 6 in Unarmed Combat
  4684 | D:5      | Reached XP level 8. HP: 23/55 MP: 8/8
  5340 | D:6      | Reached ** piety under Hepliaklqana
  5341 | D:6      | Remembered your ancestor Ingwe as a battlemage
  5357 | D:6      | Found a sacrificial altar of Ru.
  5578 | D:6      | Noticed Edmund
  5636 | D:5      | Reached skill level 7 in Unarmed Combat
  5933 | D:6      | Found an opulent altar of Gozag.
  5948 | D:6      | Noticed Prince Ribbit
  5957 | D:6      | Killed Prince Ribbit
  6277 | D:7      | Found a sand-covered staircase.
  6309 | Ossuary  | Entered an ossuary
  6349 | Ossuary  | Reached XP level 9. HP: 62/63 MP: 9/9
  6367 | Ossuary  | Reached *** piety under Hepliaklqana
  6644 | D:7      | Reached skill level 8 in Unarmed Combat
  8148 | D:8      | Found a runed translucent door.
  8149 | D:8      | Noticed rocky1's ghost (novice DEEE)
  8329 | D:9      | Found a staircase to the Orcish Mines.
  8346 | D:9      | Reached skill level 9 in Unarmed Combat
  8440 | D:9      | Noticed a cyclops
  8458 | D:9      | Hit by a large rock thrown by a cyclops

Illustrated notes

Levels and vault maps discovered:
D:1:      co_arrival_square_in_a_square_in_a_square, layout_loops_cross
D:2:      layout_basic, shapermc_ecumenical_altar_mp_highgroup,
          hangedman_abyss_or_decor_stabs, minmay_quantized, uniq_jessica,
          uniq_crazy_yiuf_cottage
D:3:      minmay_evil_eye, layout_basic, nicolae_vehumet_altar_sigil
D:4:      layout_cave_pods, minmay_temple_entry_drinking_statues,
          minmay_parallelograms, grunt_ministairs_5
D:5:      lemuel_castle_with_subvaults [lemuel_castle_interior_carwin_2],
          layout_basic, mainiacjoe_overflow_brackets
D:6:      layout_cave_pods, nicolae_gozag_cash_rules_everything_around_me,
          nicolae_ru_sacrificial_ziggurat, uniq_prince_ribbit1, uniq_edmund
D:7:      layout_layer_cave, gup_ossuary_entry_pyramid
D:8:      layout_loops_ring, ebering_ghost_reflecting_pool
D:9:      layout_rooms, lair_entry_dummy, orc_0_dummy, kennysheep_generic_room_6
Temple:   bh_familiar_temple

Skill      XL: |  1  2  3  4  5  6  7  8  9 |
---------------+----------------------------+-----
Fighting       | 2 3 4 5 6 8 |  8.1
Unarmed Combat | 3 4 5 6 7 9 |  9.6
Shapeshifting  | 4 5 7 |  7.4
Dodging        | |  2.1

Action                     |  1- 3 |  4- 6 |  7- 9 || total
---------------------------+-------+-------+-------++-------
  Melee: Unarmed           |   103 |   186 |   296 ||   585
         Punch             |     4 |     7 |     8 ||    19
         Bite              |     5 |    11 |    35 ||    51
 Invoke: Recall Ancestor   |       |     2 |       ||     2
         Ancestor Life: Ba |       |       |     1 ||     1
  Evoke: Wand              |       |       |     2 ||     2
    Use: Scroll            |       |       |     2 ||     2
   Stab: Distracted        |     1 |     1 |     5 ||     7
         Sleeping          |       |     1 |     1 ||     2
 Armour: Animal skin       |     4 |       |       ||     4
         Leather armour    |    28 |    57 |    51 ||   136
  Dodge: Dodged            |    55 |   150 |   169 ||   374

Table legend: (Time is in decaauts)
 A = Elapsed time spent in this place.
 B = Non-inter-level travel time spent in this place.
 C = Inter-level travel time spent in this place.
 D = Time resting spent in this place.
 E = Time spent auto-exploring this place.
 F = Levels seen in this place.
 G = Mean time per level.
                   A        B        C        D        E       F      G
               +--------+--------+--------+--------+--------+-----+--------+
         Total |   8413 |   8104 |    309 |    545 |   5961 |  11 |  764.8 |
       Dungeon |   8084 |   7781 |    303 |    545 |   5758 |   9 |  898.2 |
        Temple |     13 |      7 |      6 |      0 |      0 |   1 |   13.0 |
       Ossuary |    314 |    314 |      0 |      0 |    203 |   1 |  314.0 |
               +--------+--------+--------+--------+--------+-----+--------+

Top non-repeatable levels by time:
     D:5: 1388 daAuts
     D:4: 1326 daAuts
     D:7: 1136 daAuts
     D:3: 1061 daAuts
     D:6: 968 daAuts
     D:2: 773 daAuts
     D:1: 688 daAuts
     D:8: 661 daAuts
 Ossuary: 314 daAuts
     D:9: 81 daAuts
  Temple: 13 daAuts
